 Dungeon Crawl Stone Soup version 0.27-a0-1442-g87b6fcb595 (webtiles) character file.

Game seed: 207457801873823471

568 quinnr the Gusty (level 7, -3/46 HPs)
             Began as a Demonspawn Air Elementalist on July 4, 2021.
             Succumbed to a kobold's poison
             ... on level 5 of the Dungeon.
             The game lasted 00:12:47 (5178 turns).

quinnr the Gusty (Demonspawn Air Elementalist)      Turns: 5178, Time: 00:12:48

Health: -3/46      AC:  2    Str:  9    XL:     7   Next: 11%
Magic:  2/10       EV: 12    Int: 18    God:
Gold:   133        SH:  0    Dex: 13    Spells: 5/10 levels left

rFire    . . .     SeeInvis .   (no weapon)
rCold    . . .     Faith    .   (no shield)
rNeg     . . .     Spirit   .   a - +0 robe
rPois    .         Reflect  .   (no helmet)
rElec    .         Harm     .   (no cloak)
rCorr    .         Rampage  .   (no gloves)
Will     .....                  (no boots)
Stlth    ++........             (no amulet)
HPRegen  0.15/turn              (no ring)
MPRegen  0.12/turn              (no ring)

@: brilliant, lethally poisoned (-3 -> -18), attractive
A: hooves 1, powered by death 2
a: no special abilities


You were on level 5 of the Dungeon.
You visited 1 branch of the dungeon, and saw 5 of its levels.

You collected 133 gold pieces.

Inventory:

Missiles
 f - a throwing net
Armour
 a - a +0 robe (worn)
Wands
 e - a wand of charming (10)
Scrolls
 g - a scroll of enchant weapon


   Skills:
 - Level 1.7 Dodging
 - Level 1.7 Stealth
 - Level 2.0 Spellcasting
 - Level 1.0 Conjurations
 * Level 7.5 Air Magic


You had 5 spell levels left.
You knew the following spells:

 Your Spells              Type           Power      Damage    Failure   Level
a - Shock                 Conj/Air       100%       1d9       3%          1
b - Airstrike             Air            21%        N/A       9%          4

Your spell library contained the following spells:

 Spells                   Type           Power      Damage    Failure   Level
 Swiftness                Air            43%        N/A       2%          3
 Static Discharge         Conj/Air       25%        N/A       4%          2
 Magic Dart               Conj           32%        1d4       12%         1
 Foxfire                  Conj/Fire      20%        2x1d5     14%         1
 Apportation              Tloc           4%         N/A       19%         1
 Searing Ray              Conj           16%        3d3       19%         2
 Sublimation of Blood     Necr           1%         N/A       26%         2
 Wereblood                Tmut           2%         N/A       26%         2
 Conjure Flame            Conj/Fire      5%         6-21      41%         3
 Inner Flame              Hex/Fire       2%         N/A       47%         3
 Fulminant Prism          Conj/Hex       2%         3d6       82%         4
 Alistair's Intoxication  Tmut/Pois      1%         N/A       99%         5
 Summon Forest            Summ/Tloc      1%         N/A       99%         5
 Summon Hydra             Summ           1%         N/A       100%        7
 Borgnjor's Revivificati  Necr           1%         N/A       100%        8
 Necromutation            Tmut/Necr      1%         N/A       100%        8
 Death's Door             Necr           1%         N/A       100%        9


Dungeon Overview and Level Annotations

Branches:
Dungeon (5/15)
 Temple: D:4-7

Altars:
Elyvilon
Hepliaklqana
Trog


Innate Abilities, Weirdness & Mutations

You have large cloven feet.
You regenerate health from kills.


Message History

The curare-tipped dart barely misses you.
Aiming: Charm
Press: ? - help, Shift-Dir - straight line, f/p - kobold brigand
Aim: a kobold brigand, wielding a +0 whip and quivering curare-tipped darts (severely wounded, chance to affect: 46%)
The kobold brigand resists with some effort.
You feel very sick.
The kobold brigand throws a curare-tipped dart.
The curare-tipped dart hits you.
You are lethally poisoned!
You have difficulty breathing.
You feel as though you will be slow longer.
Unknown command.
Aiming: Charm
Press: ? - help, Shift-Dir - straight line, f/p - kobold brigand
Aim: a kobold brigand, wielding a +0 whip and quivering curare-tipped darts (severely wounded, chance to affect: 46%)
The kobold brigand is charmed.
* * * LOW HITPOINT WARNING * * *
You feel extremely sick.
The kobold closely misses your kobold brigand.
It was a potion of cancellation.
Your magical effects are unravelling.
You feel magically purged.
You feel yourself speed up.
* * * LOW HITPOINT WARNING * * *
You feel very sick.
The kobold throws a poisoned dart.
The poisoned dart hits your kobold brigand!
Your kobold brigand is poisoned.
A kobold comes into view.
It is wielding a +0 short sword of electrocution.
It was a potion of brilliance.
You feel clever all of a sudden.
* * * LOW HITPOINT WARNING * * *
You feel very sick.
The kobold throws a poisoned dart.
The poisoned dart misses your kobold brigand.
The poisoned dart hits you!
You are more poisoned.
It was a potion of attraction.
You feel attractive to monsters.
You die...

# ##### #.
#####.....
#).###.........
..KK.....>....#
#K.......#
#K@..# ##..##
##...##
##.....###
#.<......#
#.........#
#...P.......
#...≈≈≈≈≈..##
......≈≈..#.#


You could see 3 kobolds and a friendly kobold brigand (charmed, very poisoned).

Vanquished Creatures
  Menkaure (D:4)
  A water moccasin (D:4)
  A necrophage (D:5)
  A phantom (D:4)
  A bullfrog skeleton (D:4)
  Natasha (thrice) (D:3)
  3 gnolls (D:4)
  7 adders
  An adder skeleton (D:4)
  2 dart slugs
  6 orcs
  7 ball pythons
  4 bats
  3 endoplasms
  A giant cockroach (D:4)
  4 goblins
  7 hobgoblins
  6 jackals
  3 quokkas
  5 frilled lizards
  10 kobolds
  6 rats
83 creatures vanquished.

Notes
Turn   | Place    | Note
-------+----------+-------------------------------------------
     0 | D:1      | quinnr the Demonspawn Air Elementalist began the quest for
                  | the Orb.
     0 | D:1      | Reached XP level 1. HP: 13/13 MP: 3/3
   100 | D:1      | Reached skill level 3 in Air Magic
   313 | D:1      | Gained mutation: You regenerate a little health from kills.
                  | [demonic ancestry]
   313 | D:1      | Reached XP level 2. HP: 19/19 MP: 3/5
   443 | D:1      | Got Ofoschiv's Disquisition on Warped Venom
   951 | D:2      | Gained mutation: You regenerate health from kills. [demonic
                  | ancestry]
   951 | D:2      | Reached XP level 3. HP: 24/24 MP: 3/6
   979 | D:2      | Found a faded altar of an unknown god.
  1156 | D:2      | Reached skill level 4 in Air Magic
  1853 | D:2      | Gained mutation: You have large cloven feet. [demonic
                  | ancestry]
  1853 | D:2      | Reached XP level 4. HP: 14/30 MP: 0/7
  2443 | D:3      | Noticed Natasha
  2457 | D:3      | Killed Natasha
  2458 | D:3      | Reached skill level 5 in Air Magic
  2669 | D:3      | Learned a level 4 spell: Airstrike
  2845 | D:3      | Noticed Natasha
  2854 | D:3      | Killed Natasha
  2855 | D:3      | Reached XP level 5. HP: 25/35 MP: 1/8
  3104 | D:3      | Noticed Natasha
  3120 | D:3      | Killed Natasha
  3967 | D:4      | Found a bloodstained altar of Trog.
  3989 | D:4      | Reached skill level 6 in Air Magic
  4134 | D:4      | Reached XP level 6. HP: 41/41 MP: 0/9
  4261 | D:4      | Found a hazy altar of Hepliaklqana.
  4601 | D:4      | Noticed Menkaure
  4621 | D:4      | Killed Menkaure
  4821 | D:5      | Entered Level 5 of the Dungeon
  4821 | D:5      | Noticed a water moccasin
  4831 | D:4      | Killed a water moccasin
  4832 | D:4      | Reached skill level 7 in Air Magic
  5061 | D:5      | Reached XP level 7. HP: 41/46 MP: 0/10
  5176 | D:5      | HP: 4/46 [poisoned by a kobold brigand (curare-tipped
                  | dart)]
  5177 | D:5      | HP: 1/46 [poisoned by a kobold brigand (curare-tipped
                  | dart)]
  5178 | D:5      | Succumbed to a kobold's poison

Illustrated notes

Levels and vault maps discovered:
D:1:      lemuel_arrival_behind_the_door_large, layout_basic
D:2:      layout_rooms, ebering_ecumenical_altar_box, minmay_tiny_reverse_x
D:3:      layout_loops_cross, lemuel_crystal_altar, uniq_natasha
D:4:      layout_loops_cross, nzn_hepliaklqana_mist_gate, bloody_trog,
          uniq_menkaure
D:5:      layout_cave_pods, gammafunk_temple_overflow_claw,
          minmay_temple_entry_grid, serial_bayou_pond_e

Skill      XL: |  1  2  3  4  5  6 |
---------------+-------------------+-----
Air Magic      | 3 4 5 6 7 |  7.5
Dodging        | |  1.7
Stealth        | |  1.7
Spellcasting   | |  2.0
Conjurations   | |  1.0

Action                   |  1- 3 |  4- 6 |  7- 9 || total
-------------------------+-------+-------+-------++-------
Melee: Unarmed           |     5 |    23 |       ||    28
       Kick              |       |     6 |       ||     6
 Cast: Shock             |   101 |    94 |     4 ||   199
       Airstrike         |       |     8 |     2 ||    10
Evoke: Wand              |       |     1 |     3 ||     4
  Use: Scroll            |       |     4 |       ||     4
       Potion            |       |     1 |     3 ||     4
Armor: Robe              |     3 |     6 |       ||     9
Dodge: Dodged            |    32 |    21 |     2 ||    55

Table legend: (Time is in decaauts)
 A = Elapsed time spent in this place.
 B = Non-inter-level travel time spent in this place.
 C = Inter-level travel time spent in this place.
 D = Time resting spent in this place.
 E = Time spent auto-exploring this place.
 F = Levels seen in this place.
 G = Mean time per level.
                   A        B        C        D        E       F      G
               +--------+--------+--------+--------+--------+-----+--------+
         Total |   5193 |   5023 |    170 |    938 |   3468 |   5 | 1038.6 |
       Dungeon |   5193 |   5023 |    170 |    938 |   3468 |   5 | 1038.6 |
               +--------+--------+--------+--------+--------+-----+--------+

Top non-repeatable levels by time:
     D:4: 1531 daAuts
     D:3: 1400 daAuts
     D:1: 1072 daAuts
     D:2: 1049 daAuts
     D:5: 139 daAuts
